 Dungeon Crawl Stone Soup version 0.18-a0-1702-gd20c6a5 (webtiles) character file.

59 dvd the Grave Robber (level 3, -1/24 HPs)
             Began as a Demonspawn Necromancer on Apr 7, 2016.
             Slain by an orc wizard
             ... wielding a +0 dagger
              (5 damage)
             ... on level 3 of the Dungeon.
             The game lasted 00:02:02 (1194 turns).

dvd the Grave Robber (Demonspawn Necromancer)       Turns: 1194, Time: 00:02:02

Health: -1/24      AC:  2    Str:  8    XL:     3   Next: 78%
Magic:  1/6        EV: 12    Int: 17    God:
Gold:   63         SH:  0    Dex: 13    Spells: 1 memorised, 6 levels left

rFire  . . .     SeeInvis .     a - +4 short sword
rCold  . . .     Gourm    .     d - +0 robe
rNeg   . . .     Faith    .     (no shield)
rPois  .         Spirit   .     (no helmet)
rElec  .         Dismiss  .     (no cloak)
rCorr  .         Reflect  .     (no gloves)
SustAt .         Harm     .     (no boots)
MR     .....                    (no amulet)
Stlth  ++........               (no ring)
                                (no ring)

@: not resistant to hostile enchantments, unstealthy
A: hooves 1, spiny 1
a: no special abilities


You were on level 3 of the Dungeon.
You were not hungry.

You visited 1 branch of the dungeon, and saw 3 of its levels.

You collected 63 gold pieces.

Inventory:

Hand Weapons
 a - a +4 short sword (weapon)
 h - a +0 mace
Missiles
 j - 6 tomahawks (quivered)
Armour
 d - a +0 robe (worn)
Scrolls
 e - a scroll of amnesia {unknown}
 n - a scroll of enchant armour {unknown}
Potions
 g - 2 potions of lignification {unknown}
 i - a potion of might {unknown}
 m - a potion of cure mutation {unknown}
Books
 b - a book of Necromancy

   Spells                             Type                      Level
   a - Pain                           Necromancy                   1
   b - Animate Skeleton               Necromancy                   1
   c - Vampiric Draining              Necromancy                   3
   d - Regeneration                   Charms/Necromancy            3
   e - Animate Dead                   Necromancy                   4
   f - Control Undead                 Necromancy                   4
Comestibles
 c - a bread ration
 f - a beef jerky
 k - 2 chunks of flesh
 l - a royal jelly


   Skills:
 + Level 0.5 Maces & Flails
 + Level 2.0 Dodging
 + Level 2.3 Stealth
 + Level 2.6 Spellcasting
 + Level 5.1 Necromancy


You had 6 spell levels left.
You knew the following spells:

 Your Spells              Type           Power        Failure   Level  Hunger
a - Pain                  Necr           ###.         2%          1    #......


Dungeon Overview and Level Annotations

Branches:
Dungeon (3/15)

Altars:

Annotations:
D:2 Sigmund


Innate Abilities, Weirdness & Mutations

You have large cloven feet.
You are partially covered in sharp spines.


Message History

Your Dodging skill increases to level 2!
The orc barely misses you. The orc wizard casts a spell at you.
The magic dart hits you!
Things that are here:
a hand axe; a leather armour; an orc corpse You hit the orc wizard.
The orc wizard is moderately wounded.
The orc wizard is struck by your spines.
The orc wizard hits you but does no damage.
The orc closely misses you.
Casting: Pain
Confirm with . or Enter, or press ? or * to list all spells.
Aiming: Pain
Press: ? - help, Shift-Dir - straight line, f - orc wizard
Aim: an orc wizard, wielding a dagger and wearing a robe (heavily wounded, fast, chance to defeat MR: 78%)
The orc wizard convulses in agony!
The orc wizard hits you with a dagger.
* * * LOW HITPOINT WARNING * * *
The orc wizard hits you with a dagger.
You die...

#..##.#.#..####
#.....<#.....#
#.####.......#
#. ####....# .
##..#.# #####.
###...# #
.....o# #.....#
......o###....#
#.@<.....#
#######..# #..#
#..# ..# .#


You could see an orc wizard and an orc.

Vanquished Creatures
  An orc wizard (D:3)
  4 dart slugs (D:1)
  2 orcs (D:3)
  A giant cockroach (D:2)
  A goblin (D:1)
  2 hobgoblins (D:1)
  A giant newt (D:1)
  5 kobolds
  4 rats (D:1)
21 creatures vanquished.

Vanquished Creatures (others)
  An orc (D:3)
1 creature vanquished.

Grand Total: 22 creatures vanquished

Notes
Turn   | Place    | Note
--------------------------------------------------------------
     0 | D:1      | dvd the Demonspawn Necromancer began the quest for the Orb.
     0 | D:1      | Reached XP level 1. HP: 13/13 MP: 3/3
     8 | D:1      | You fall through a shaft!
   291 | D:1      | Gained mutation: You are partially covered in sharp spines. [demonic ancestry]
   291 | D:1      | Reached XP level 2. HP: 7/19 MP: 1/5
  1018 | D:1      | Reached skill level 5 in Necromancy
  1125 | D:2      | Noticed Sigmund
  1186 | D:3      | Gained mutation: You have large cloven feet. [demonic ancestry]
  1186 | D:3      | Reached XP level 3. HP: 13/24 MP: 3/6
  1194 | D:3      | Slain by an orc wizard

Vault maps used:
D:1:      mainiacjoe_arrival_reflecting_pool
D:2:      uniq_sigmund
D:3:      grunt_temple_overflow_holy_war, first_bread

Skill      XL: |  1  2  3 |
---------------+----------+-----
Necromancy     | 5 |  5.1
Stealth        | 2 |  2.3
Dodging        | 2 |  2.0
Maces & Flails | |  0.5
Spellcasting   | |  2.6

Action                   || total
-------------------------++-------
Melee: Mace              ||    16
       Short sword       ||    10
 Cast: Pain              ||    24
 Stab: Sleeping          ||     4
  Eat: Chunk             ||     1
